 Dungeon Crawl Stone Soup version 0.15.0-23-gc2b521c (console) character file.

18905 gw the Cruncher (level 12, -1/98 (100) HPs)
             Began as a Minotaur Gladiator on Sept 9, 2014.
             Was a High Priest of Trog.
             Slain by a black mamba (6 damage)
             ... on Level 3 of the Lair of Beasts.
             The game lasted 00:17:17 (21463 turns).

gw the Cruncher (Minotaur Gladiator)               Turns: 21463, Time: 00:17:17

HP  -1/98 (100)  AC 15     Str 20      XL: 12   Next: 31%
MP   5/5         EV  6     Int  5      God: Trog [*****.]
Gold 0           SH  0     Dex 20      Spells:  0 memorised, 11 levels left

rFire  . . .     SeeInvis .     a - +1 quarterstaff
rCold  . . .     Clarity  .     l - +2 plate armour
rNeg   . . .     rCorr    .     (no shield)
rPois  .         rRot     .     c - +2 hat
rElec  .         Spirit   .     s - +0 cloak
SustAb .         Warding  .     (no gloves)
rMut   .         Stasis   .     (no boots)
Gourm  .                        (no amulet)
MR     .....                    A - +2 ring of dexterity
                                (no ring)

@: lethally poisoned, very slightly contaminated, not resistant to hostile
enchantments, extremely unstealthy
A: retaliatory headbutt, horns 2, thin skeletal structure 1, deformed body,
frail 1
a: Burn Spellbooks, Berserk, Trog's Hand, Brothers in Arms, Renounce Religion


You were on level 3 of the Lair of Beasts.
You worshipped Trog.
Trog was extremely pleased with you.
You were hungry.

You visited 2 branches of the dungeon, and saw 14 of its levels.

Inventory:

Hand weapons
 a - a +1 quarterstaff (weapon)
Missiles
 d - 4 throwing nets
 f - 22 tomahawks of returning (quivered)
 i - 325 stones
 t - 19 tomahawks
Armour
 c - a +2 hat (worn)
 l - a +2 plate armour (worn)
 s - a +0 cloak (worn)
Magical devices
 b - a wand of fire (4) {unknown}
 k - a wand of draining (1)
 n - a wand of slowing (4)
 p - a wand of heal wounds (5)
 q - a wand of polymorph (4)
 y - a wand of enslavement (8)
 D - a wand of teleportation (4)
Comestibles
 h - 10 slices of pizza
 r - 8 fruits
 u - 3 bread rations
 v - 3 beef jerkies
 w - 2 meat rations
 z - 5 royal jellies
Scrolls
 e - 11 scrolls of remove curse
 j - 8 scrolls of identify
 m - 2 scrolls of teleportation
Jewellery
 A - a +2 ring of dexterity (right hand)
Potions
 g - a potion of resistance
 x - 2 potions of curing


   Skills:
 + Level 11.8 Fighting
 - Level 14.0 Staves
 + Level 9.9 Throwing
 + Level 11.5 Armour
 - Level 3.2 Dodging


You had 11 spell levels left.
You didn't know any spells.

Dungeon Overview and Level Annotations

Branches:
Dungeon (11/15)            Temple (0/1) D:5             Orc (0/4) D:10
   Lair (3/8) D:10          Swamp (0/5) Lair:3
  Snake: Lair:3-6    Spider: Lair:3-6

Altars:
Ashenzari
Cheibriados
Elyvilon
Kikubaaqudgha
Makhleb
Qazlal
Trog
Yredelemnul
The Shining One

Shops:
D:9 *


Innate Abilities, Weirdness & Mutations

You reflexively headbutt those who attack you in melee.
You have a pair of horns on your head.
You have a somewhat thin skeletal structure (Dex +2, Stealth).
Armour fits poorly on your strangely shaped body.
You are frail (-10% HP).


Message History

MOVING TO (4,0)
You feel very sick.
The black mamba bites you but does no damage.
MOVING TO (3,0)
You feel very sick. The black mamba barely misses you.
The water moccasin bites you but does no damage.
MOVING TO (2,0)
You feel very sick. The black mamba bites you!
MOVING TO (1,0)
You feel very sick.
The black mamba bites you but does no damage.
MOVING TO (8,1)
You feel sick.
MOVING TO (7,1)
You feel very sick.
MOVING TO (6,0)
You feel sick. The black mamba bites you.
You die...

#P.####..####. #P.# #P.P..#...
.............. ..... ..........
...........%.. ......>..........
#...........###.................
#...P##..##.###....#....#####..
#..##.......##.....#...##.##..
#..##........#............#...
+...........##....#=......##..
##.%.#....Y.SSH.....#......##.. .
#...#.#.#.PY##......#..........
.##P...#..###.#.#......#...#..#..
......................#.#...##...
.................................
..........................<......
.................................
.................................
P..#.............................


You could see a black mamba, 2 yaks and a water moccasin.

Table legend:
 A = Turns spent in this place as a percentage of turns spent in the entire game.
 B = Non-inter-level travel turns spent in this place as a percentage of non-inter-level travel turns spent in the entire game.
 C = Inter-level travel turns spent in this place as a percentage of turns spent in this place.
 D = Turns resting spent in this place as a percentage of non-inter-level travel turns spent in this place.
 E = Turns spent auto-exploring this place as a percentage of non-inter-level travel turns spent in this place.
 F = Non-inter-level travel turns spent in this place divided by the number of levels of this place that you've seen.
                   A       B       C       D       E      F
               +-------+-------+-------+-------+-------+----------------------
         Total | 100.0 | 100.0 |   1.4 |   4.2 |  10.7 | 647.4
       Dungeon |  86.7 |  86.9 |   1.2 |   3.9 |  10.8 | 716.0
          Lair |  13.3 |  13.1 |   2.9 |   6.1 |  10.3 | 395.7
               +-------+-------+-------+-------+-------+----------------------

Table legend:
 A = Kills in this place as a percentage of kills in entire the game.
 B = Kills by you in this place as a percentage of kills by you in the entire game.
 C = Kills by friends in this place as a percentage of kills by friends in the entire game.
 D = Other kills in this place as a percentage of other kills in the entire game.
 E = Experience gained in this place as a percentage of experience gained in the entire game.
 F = Experience gained in this place divided by the number of levels of this place that you have seen.
                   A       B       C       D       E      F
               +-------+-------+-------+-------+-------+----------------------
         Total | 100.0 | 100.0 | 100.0 | 100.0 | 100.0 | 1929.1
       Dungeon |  86.8 |  85.9 |  97.2 | 100.0 |  70.5 | 1730.6
          Lair |  13.2 |  14.1 |   2.8 |   0.0 |  29.5 | 2657.0
               +-------+-------+-------+-------+-------+----------------------

Vanquished Creatures
  A fire dragon (Lair:2)
  Harold (D:11)
  Pikel (D:6)
  A hill giant (D:7)
  2 black mambas
  3 spiny frogs
  A queen bee (Lair:2)
  A troll (D:9)
  2 two-headed ogres
  A slime creature (D:7)
  2 wyverns
  A deep elf mage (D:10)
  A shadow (D:11)
  The ghost of gw the Twirler, an average MiGl of Yredelemnul (D:3)
  4 wolves (D:10)
  4 hippogriffs
  Grum (D:10)
  4 yaks
  Edmund (D:6)
  A warg (D:10)
  7 porcupines
  5 water moccasins
  2 ice beasts (D:9)
  A swamp drake (D:10)
  7 orc warriors
  4 slaves (D:6)
  A black bear (D:6)
  4 sky beasts
  5 ogres
  2 necrophages
  2 crocodiles
  6 centaurs
  2 phantoms
  Sigmund (D:3)
  2 big kobolds
  Blork the orc (D:7)
  9 giant frogs
  15 jellies
  3 scorpions
  A hippogriff zombie (D:11)
  24 killer bees
  4 wights (D:10)
  5 goliath beetles
  7 orc priests
  4 crimson imps
  2 quasits
  13 hounds
  8 worker ants
  3 iguanas
  22 orc wizards
  8 sheep (Lair:2)
  Jessica (D:3)
  Terence (D:3)
  18 adders
  A gnoll (D:10)
  5 green rats (Lair:3)
  2 giant mites
  2 shadow imps (D:8)
  6 worms
  An iguana skeleton (D:5)
  16 oozes
  62 orcs
  16 bats
  A bat skeleton (D:7)
  3 giant cockroaches
  17 goblins
  16 hobgoblins
  18 kobolds
  11 quokkas
  2 giant geckos
  6 giant newts
  A giant newt skeleton (D:5)
  3 giant spores
  A hobgoblin skeleton (D:8)
  22 jackals
  A kobold skeleton (D:6)
  An orc zombie (D:8)
  2 quokka skeletons
  A quokka zombie (D:7)
  12 rats
  2 rat skeletons
  15 ballistomycetes
480 creatures vanquished.

Vanquished Creatures (collateral kills)
  Josephine (D:10)
  A hydra (Lair:1)
  A hill giant (D:10)
  A two-headed ogre (D:10)
  A wyvern (D:10)
  A hill giant skeleton (D:10)
  2 wargs (D:10)
  A black bear (D:10)
  A centaur (D:10)
  2 orc warriors (D:10)
  A giant frog (D:9)
  A wyvern skeleton (D:10)
  An orc priest (D:10)
  A hound (D:10)
  3 orc wizards
  A worker ant (D:11)
  An iguana (D:11)
  A centaur simulacrum (D:10)
  A crocodile skeleton (D:10)
  An ogre skeleton (D:10)
  An orc skeleton (D:10)
  9 orcs (D:10)
  A hobgoblin (D:10)
  A kobold (D:10)
36 creatures vanquished.

Vanquished Creatures (others)
  An unseen horror (D:10)
  A two-headed ogre (D:10)
  2 black bears (D:10)
  3 ogres
  2 giant spores
  3 fungi (D:7)
12 creatures vanquished.

Grand Total: 528 creatures vanquished

Notes
Turn   | Place    | Note
--------------------------------------------------------------
     0 | D:1      | gw, the Minotaur Gladiator, began the quest for the Orb.
     0 | D:1      | Reached XP level 1. HP: 18/18 MP: 1/1
   123 | D:1      | Reached skill level 4 in Staves
   123 | D:1      | Reached XP level 2. HP: 25/25 MP: 1/1
   605 | D:2      | Reached XP level 3. HP: 30/30 MP: 2/2
   667 | D:2      | Found a bloodstained altar of Trog.
   682 | D:2      | Became a worshipper of Trog the Wrathful
   785 | D:2      | Reached skill level 1 in Armour
  1116 | D:2      | Reached XP level 4. HP: 38/38 MP: 2/2
  1522 | D:3      | Reached skill level 5 in Staves
  1697 | D:3      | Found a glowing golden altar of the Shining One.
  1780 | D:3      | Acquired Trog's first power
  1805 | D:3      | Noticed Terence
  1805 | D:3      | Noticed gw's ghost (average MiGl)
  1812 | D:3      | Killed gw's ghost
  1812 | D:3      | Reached XP level 5. HP: 46/46 MP: 2/2
  1816 | D:3      | Killed Terence
  1967 | D:3      | Noticed Sigmund
  1980 | D:3      | Killed Sigmund
  1980 | D:3      | Reached skill level 6 in Staves
  1980 | D:3      | Reached XP level 6. HP: 23/53 MP: 3/3
  2339 | D:3      | Noticed Jessica
  2343 | D:3      | Killed Jessica
  2893 | D:4      | Reached skill level 5 in Fighting
  2953 | D:4      | Reached XP level 7. HP: 61/61 MP: 3/3
  3470 | D:4      | Acquired Trog's second power
  3470 | D:4      | Reached skill level 7 in Staves
  4480 | D:5      | Entered Level 5 of the Dungeon
  5083 | D:5      | Reached XP level 8. HP: 66/70 MP: 3/3
  5137 | D:5      | Reached skill level 8 in Staves
  5368 | D:5      | Found a staircase to the Ecumenical Temple.
  5384 | D:5      | Reached skill level 5 in Armour
  5883 | D:5      | Found an ancient bone altar of Kikubaaqudgha.
  5886 | D:5      | Found a shattered altar of Ashenzari.
  6255 | D:6      | Found a white marble altar of Elyvilon.
  6333 | D:6      | Found a burning altar of Makhleb.
  6338 | D:6      | Reached skill level 9 in Staves
  6338 | D:6      | Reached skill level 5 in Throwing
  6440 | D:6      | Noticed Pikel
  6579 | D:6      | Killed Pikel
  6579 | D:6      | Reached XP level 9. HP: 72/79 MP: 4/4
  7448 | D:6      | Reached skill level 10 in Staves
  7458 | D:6      | Noticed Edmund
  7469 | D:6      | Killed Edmund
  8527 | D:6      | Found a stormy altar of Qazlal.
  8685 | D:7      | Noticed Blork the orc
  8690 | D:7      | Killed Blork the orc
  8785 | D:7      | Found a basalt altar of Yredelemnul.
  8858 | D:7      | Noticed a hill giant
  8864 | D:7      | Killed a hill giant
  8864 | D:7      | Reached skill level 11 in Staves
  9283 | D:7      | Acquired Trog's third power
  9336 | D:7      | Reached XP level 10. HP: 69/90 MP: 4/4
 10091 | D:8      | Found a snail-covered altar of Cheibriados.
 10532 | D:8      | Reached skill level 12 in Staves
 12620 | D:9      | Received a gift from Trog
 12651 | D:9      | Received a gift from Trog
 13475 | D:9      | Found Plog's Demolitions Depot.
 13702 | D:10     | Entered Level 10 of the Dungeon
 13707 | D:10     | Noticed Josephine
 13712 | D:10     | Reached skill level 13 in Staves
 13723 | D:10     | Killed Josephine
 13723 | D:10     | Reached XP level 11. HP: 86/97 MP: 4/4
 13867 | D:10     | Noticed Grum
 13884 | D:10     | Killed Grum
 13909 | D:10     | Noticed a hill giant
 13917 | D:10     | Killed a hill giant
 13963 | D:10     | Found a flagged portal.
 13990 | D:10     | Killed an unseen horror
 14002 | D:10     | Reached skill level 10 in Fighting
 14039 | D:10     | Found a staircase to the Lair.
 14396 | D:10     | Found a staircase to the Orcish Mines.
 15375 | D:10     | Reached skill level 14 in Staves
 15525 | D:11     | Received a gift from Trog
 15673 | D:11     | Noticed Harold
 15962 | D:11     | Received a gift from Trog
 16268 | D:11     | Killed Harold
 16268 | D:11     | Reached skill level 10 in Armour
 16831 | D:11     | Received a gift from Trog
 17173 | D:11     | Gained mutation: You have a somewhat thin skeletal structure (Dex +2, Stealth). [potion of mutation]
 17173 | D:11     | Gained mutation: Armour fits poorly on your strangely shaped body. [potion of mutation]
 17173 | D:11     | Gained mutation: You are frail (-10% HP). [potion of mutation]
 17334 | Lair:1   | Entered Level 1 of the Lair of Beasts
 17912 | Lair:1   | Noticed a five-headed hydra
 17919 | Lair:1   | Killed a five-headed hydra
 18494 | Lair:1   | Reached XP level 12. HP: 97/97 MP: 5/5
 18941 | Lair:2   | Noticed a fire dragon
 18947 | Lair:2   | Killed a fire dragon
 19392 | Lair:2   | Received a gift from Trog
 21014 | Lair:3   | Found a staircase to the Swamp.
 21463 | Lair:3   | Slain by a black mamba

Action                   |  1- 3 |  4- 6 |  7- 9 | 10-12 || total
-------------------------+-------+-------+-------+-------++-------
Melee: Quarterstaff      |    57 |    96 |   360 |   792 ||  1305
Throw: Tomahawk          |    59 |    36 |    21 |   111 ||   227
       Stone             |     4 |    65 |   238 |   156 ||   463
       Javelin           |       |       |       |   111 ||   111
Invok: Berserk           |       |     2 |     6 |     9 ||    17
       Trog's Hand       |       |       |     4 |     9 ||    13
       Brothers in Arms  |       |       |       |    12 ||    12
Evoke: Wand              |       |       |     2 |     6 ||     8
  Use: Scroll            |     4 |     5 |     6 |    13 ||    28
       Potion            |     1 |     6 |     4 |    15 ||    26
 Stab: Distracted        |       |       |       |     2 ||     2
  Eat: Bread ration      |       |     1 |     1 |     1 ||     3
       Chunk             |       |     3 |    22 |    31 ||    56
       Meat ration       |       |       |       |     2 ||     2
       Pizza             |       |       |       |     4 ||     4

Vault maps used:
D:1:      shiori_arrival_elements
D:2:      overflow_temple_1_default, first_bread, st_stairs_12
D:3:      tso_metal_star, uniq_jessica, uniq_sigmund, uniq_terence
D:4:      guppyfry_early_orc_mine
D:5:      minitemple, temple_pool_a
D:6:      lemuel_crystal_altar, kennysheep_little_box, elyvilon_altar_5,
          uniq_pikel, uniq_edmund
D:7:      lemuel_slime, yredelemnul_altar_generic, uniq_blork_the_orc
D:8:      beetle_altar_2
D:9:      grunt_pizzeria, nicolae_blasting_shop
D:10:     erik_orc_1, erik_lair_orcish_takeover, lightli_bailey_entry_fortress,
          minmay_orc_keep, uniq_grum, uniq_josephine
D:11:     uniq_harold
Lair:2:   dragon1_lemuel, special_room, grunt_megastairs_1,
          infiniplex_staircase_pool_2
Lair:3:   swamp_mist
